Map: Interloper LE

Players

Neeb - Winner!

  • Race: Protoss Protoss
  • Spawn Location: 5:00

Semper

  • Race: Terran Terran
  • Spawn Location: 11:00

Event: WCS Montreal 2017

VOD

Have the link to the VOD?

Description

Time

  • Played on: Sept. 8, 2017, 6:23 p.m.
  • Length: 16:08

All games in this series

Show
View Real Time Build Order
Export as new Build Order

Neeb Protoss - Winner!

Build Orders: 1 Gate Expand 

Get SALT Encoding   

  12  0:00  Probe (Chrono Boost)  
  13  0:11  Probe (Chrono Boost)  
  14  0:18  Pylon  
  14  0:21  Probe (Chrono Boost)  
  14  0:27  Assimilator  
  15  0:36  Probe (Chrono Boost)  
  15  0:42  Gateway  
  16  0:47  Probe (Chrono Boost)  
  17  0:57  Probe (Chrono Boost)  
  18  1:08  Probe (Chrono Boost)  
  20  1:18  Probe (Chrono Boost)  
  20  1:21  Nexus  
  20  1:31  Cybernetics Core  
  20  1:34  Probe (Chrono Boost)  
  21  1:40  Assimilator  
  21  1:46  Probe (Chrono Boost)  
  22  1:50  Pylon  
  22  1:56  Probe (Chrono Boost)  
  25  2:08  Adept  
  25  2:09  Mothership Core (Chrono Boost)  
  27  2:27  Probe (Chrono Boost)  
  27  2:35  Robotics Facility  
  28  2:37  Probe (Chrono Boost)  
  28  2:40  Stalker (Chrono Boost)  
  28  2:42  Probe  
  31  2:49  Probe  
  32  2:52  Probe  
  33  3:01  Probe  
  33  3:03  Probe  
  33  3:11  Pylon  
  33  3:13  Probe x2  
  35  3:26  Probe  
  36  3:28  Probe, Immortal (Chrono Boost)  
  41  3:38  Probe  
  41  3:39  Probe  
  42  3:50  Probe  
  42  3:51  Gateway  
  42  3:52  Warp Gate (Chrono Boost)  
  43  3:58  Probe  
  43  4:02  Probe, Observer  
  45  4:03  Stalker  
  45  4:09  Gateway  
  48  4:10  Probe  
  48  4:14  Probe  
  50  4:22  Probe, Pylon  
  52  4:26  Probe, Observer, Pylon  
  53  4:34  Probe  
  52  4:38  Probe  
  52  4:41  Stalker x2  
  54  4:58  Stalker  
  56  5:01  Probe x2  
  56  5:06  Assimilator  
  58  5:07  Assimilator  
  58  5:13  Probe x2  
  64  5:14  Twilight Council, Forge  
  64  5:21  Pylon  
  64  5:25  Probe x2 (Chrono Boost)  
  65  5:31  Pylon  
  65  5:37  Probe x2 (Chrono Boost)  
  65  5:38  Pylon  
  65  5:41  Warp Prism  
  65  5:43  Resonating Glaives  
  65  5:47  Probe (Chrono Boost), Sentry x2  
  70  5:51  Probe (Chrono Boost)  
  70  5:54  Stalker, Pylon  
  70  5:56  Protoss Ground Weapons Level 1 (Chrono Boost)  
  71  6:10  Nexus  
  73  6:15  Gateway  
  73  6:18  Gateway  
  71  6:21  Gateway  
  71  6:25  Stalker  
  73  6:27  Gateway  
  73  6:33  Pylon  
  73  6:34  Probe x2  
  73  6:38  Observer  
  75  6:48  Gateway  
  75  6:50  Adept x2  
  75  6:52  Adept  
  75  6:53  Probe, Pylon  
  82  6:55  Probe  
  83  7:02  Observer  
  83  7:03  Pylon  
  83  7:05  Probe  
  86  7:11  Pylon  
  86  7:12  Blink  
  86  7:15  Pylon  
  85  7:20  Probe x2  
  85  7:21  Probe  
  87  7:31  Probe  
  87  7:32  Probe x2  
  87  7:34  Pylon  
  87  7:36  Protoss Ground Armor Level 1 (Chrono Boost)  
  90  7:38  Adept x4  
  98  7:45  Adept  
  98  7:46  Probe, Adept x2  
  97  8:14  Stalker x7  
  97  8:15  Warp Prism  
  97  8:17  Probe  
  97  8:19  Probe x2, Robotics Bay  
  114  8:24  Assimilator x2  
  114  8:26  Pylon  
  114  8:28  Probe  
  114  8:31  Probe x2  
  114  8:32  Pylon  
  117  8:36  Pylon  
  111  8:43  Adept x5  
  121  8:49  Sentry  
  123  9:01  Observer (Chrono Boost)  
  124  9:08  Protoss Ground Weapons Level 2 (Chrono Boost), Forge  
  124  9:10  Probe x3, Nexus  
  124  9:14  Pylon  
  127  9:22  Extended Thermal Lance  
  127  9:23  Colossus (Chrono Boost)  
  133  9:35  Probe x2  
  135  9:41  Adept x4  
  135  9:42  Adept x3  
  147  9:50  Probe x2  
  147  9:52  Pylon  
  145  9:53  Probe  
  136  10:02  Probe  
  136  10:03  Adept x6  
  136  10:04  Adept x2  
  145  10:08  Probe x2  
  137  10:22  Protoss Ground Armor Level 2 (Chrono Boost)  
  137  10:24  Assimilator  
  137  10:26  Templar Archives  
  137  10:28  Assimilator, Stalker, Colossus (Chrono Boost)  
  135  10:29  Stalker x2  
  147  10:40  Pylon  
  147  10:51  Stargate  
  147  10:53  Stalker x2  
  147  10:54  Stalker  
  147  10:55  Stalker x2, Pylon  
  157  11:12  Colossus  
  157  11:17  High Templar, Gateway  
  157  11:18  High Templar x3, Gateway  
  165  11:20  Protoss Ground Weapons Level 3 (Chrono Boost)  
  165  11:24  Archon x2  
  171  11:29  Nexus  
  171  11:30  Pylon  
  171  11:41  Stargate  
  171  11:42  Fleet Beacon  
  171  11:53  Assimilator  
  171  11:58  Assimilator  
  171  12:02  Photon Cannon  
  171  12:05  Dark Shrine  
  171  12:26  Adept x2  
  171  12:27  Adept x2  
  171  12:28  Tempest x2 (Chrono Boost)  
  191  12:35  Protoss Shields Level 1 (Chrono Boost)  
  189  13:03  Pylon  
  189  13:08  Tempest x2 (Chrono Boost)  
  197  13:18  Gateway  
  197  13:23  Protoss Ground Armor Level 3  
  197  13:24  Gateway  
  197  13:26  Gateway  
  193  13:32  Psionic Storm  
  189  13:40  High Templar x2, Tempest (Chrono Boost)  
  183  13:43  Photon Cannon  
  183  13:44  Photon Cannon x2  
  183  13:45  Tempest  
  183  13:46  Photon Cannon  
  195  13:56  High Templar  
  195  13:58  Photon Cannon x2, High Templar  
  195  14:01  Photon Cannon x2  
  195  14:02  Photon Cannon  
  192  14:25  Stalker x4  
  198  14:37  Oracle  
  185  14:42  Tempest  
  194  14:46  Photon Cannon  
  194  14:47  Photon Cannon  
  158  15:23  Nexus  
  136  15:29  Stalker x5  
  136  15:30  Stalker x8  
  172  15:35  Pylon  
  172  15:59  Stalker x12  
Show
View Real Time Build Order
Export as new Build Order

Semper Terran 

Build Orders: Cyclone Opening, MMM Bio 

Get SALT Encoding   

  12  0:00  SCV  
  13  0:12  SCV  
  14  0:19  Supply Depot  
  14  0:24  SCV  
  15  0:40  SCV  
  15  0:41  Barracks  
  16  0:48  Refinery  
  16  0:53  SCV  
  17  0:59  Refinery  
  17  1:05  SCV  
  18  1:17  SCV  
  19  1:29  Orbital Command, Reaper  
  20  1:38  Supply Depot  
  20  1:54  Factory  
  20  1:55  SCV  
  20  2:01  Marine  
  21  2:07  SCV  
  23  2:15  Supply Depot  
  23  2:19  SCV  
  24  2:24  Marine  
  25  2:31  SCV  
  26  2:40  Cyclone  
  29  2:45  Marine, SCV  
  29  2:48  Starport  
  31  3:05  SCV  
  30  3:12  Cyclone  
  33  3:13  Supply Depot  
  33  3:14  Marine  
  33  3:19  Liberator  
  33  3:22  SCV  
  34  3:32  Marine  
  35  3:35  SCV  
  39  3:44  Command Center  
  39  3:47  Widow Mine  
  39  3:53  SCV  
  40  4:07  Barracks x2  
  40  4:13  SCV  
  41  4:21  Widow Mine  
  43  4:24  Viking  
  43  4:30  SCV  
  45  4:35  Supply Depot  
  43  4:48  SCV  
  43  4:50  Engineering Bay  
  44  4:57  Barracks Tech Lab x2  
  44  4:58  Orbital Command  
  44  4:59  Barracks  
  44  5:01  SCV  
  45  5:13  SCV  
  46  5:17  Orbital Command  
  46  5:19  Combat Shields  
  46  5:20  Marine, Stimpack  
  47  5:21  Marine  
  47  5:25  SCV  
  49  5:31  Terran Infantry Weapons Level 1  
  49  5:36  Barracks Reactor  
  49  5:37  SCV  
  49  5:41  Marine x2  
  52  5:43  SCV  
  52  5:49  SCV  
  54  5:53  Bunker  
  54  5:57  Barracks Tech Lab  
  54  5:58  SCV  
  54  6:02  SCV  
  56  6:07  Marine x2  
  56  6:08  Refinery  
  56  6:10  SCV  
  57  6:14  SCV  
  58  6:22  SCV  
  58  6:24  Missile Turret  
  59  6:26  Marine x5, SCV  
  59  6:30  Starport Reactor  
  65  6:34  SCV  
  65  6:38  SCV  
  64  6:43  Marine  
  64  6:46  Factory, Command Center  
  65  6:47  SCV  
  65  6:49  Supply Depot  
  65  6:52  Refinery  
  66  6:55  SCV  
  66  6:59  Missile Turret  
  67  7:03  Concussive Shells  
  67  7:04  Barracks  
  67  7:05  SCV  
  68  7:10  Supply Depot  
  68  7:12  Medivac x2  
  68  7:15  SCV  
  73  7:18  SCV  
  73  7:20  Marine, Marauder  
  77  7:28  Marine  
  78  7:31  Factory Reactor  
  78  7:32  Marauder x2  
  78  7:34  SCV  
  78  7:35  SCV  
  84  7:45  Supply Depot  
  84  7:47  SCV  
  85  7:52  Marine  
  85  7:58  Medivac, Marine x3, Marauder  
  92  7:59  Marauder  
  94  8:06  SCV  
  94  8:09  Marine  
  93  8:12  SCV  
  93  8:15  Marine  
  93  8:17  Marauder  
  93  8:19  Starport, Fusion Core  
  93  8:20  Terran Infantry Armor Level 1  
  91  8:27  SCV x2  
  92  8:38  Marine x2, Marauder  
  92  8:39  Liberator, SCV  
  92  8:40  Barracks Tech Lab  
  96  8:42  Orbital Command  
  96  8:43  Liberator  
  96  8:47  SCV  
  97  8:52  Marine  
  97  8:53  Marauder  
  100  8:55  Marine  
  100  9:01  Starport Tech Lab  
  107  9:11  Supply Depot  
  107  9:12  Supply Depot  
  107  9:15  Supply Depot  
  107  9:17  Supply Depot  
  107  9:18  Armory, Marine  
  107  9:19  Marine  
  109  9:29  Marine, SCV, Marauder  
  109  9:31  Marine, Marauder  
  112  9:32  Widow Mine  
  112  9:33  Widow Mine  
  112  9:34  Refinery  
  112  9:36  Marine x2  
  112  9:37  SCV  
  116  9:46  Marine  
  116  9:48  Marine  
  116  9:50  Marine, SCV  
  112  9:53  Marauder  
  112  9:54  Marine  
  112  9:55  Marine  
  101  10:03  SCV  
  101  10:04  Marine  
  101  10:06  Marine  
  97  10:08  Marine, SCV x2  
  97  10:12  Marine  
  97  10:14  Marine x2  
  96  10:18  SCV  
  96  10:20  SCV  
  87  10:22  Marine  
  87  10:24  Marine  
  87  10:26  Marine  
  87  10:27  SCV  
  90  10:29  Marine  
  90  10:33  SCV  
  90  10:35  Liberator  
  92  10:39  SCV x2  
  92  10:42  Advanced Ballistics  
  94  10:45  Liberator, SCV  
  95  10:52  Medivac  
  95  10:53  SCV  
  95  10:55  SCV  
  105  11:06  Marine, SCV x2  
  105  11:07  Marine x3  
  105  11:08  Liberator  
  105  11:10  SCV  
  112  11:12  Marine, Marauder  
  112  11:18  SCV  
  116  11:20  SCV, Terran Infantry Weapons Level 2  
  116  11:21  Refinery  
  116  11:24  Marine  
  116  11:25  Liberator  
  118  11:28  SCV  
  122  11:36  Command Center  
  122  11:38  Terran Ship Weapons Level 1  
  122  11:39  SCV  
  123  11:46  Liberator  
  126  11:50  Marine x2, Marauder x2  
  126  11:53  SCV  
  133  12:07  Supply Depot  
  136  12:08  Marine  
  136  12:09  Supply Depot, Marine, Marauder  
  136  12:10  Missile Turret  
  136  12:12  Engineering Bay  
  136  12:13  SCV x2  
  142  12:26  Liberator x2, Marine x2  
  142  12:27  Marauder  
  141  12:40  Marine  
  141  12:41  Marine, Marauder  
  133  12:44  Marine, Marauder  
  133  12:48  Marine  
  141  12:53  Barracks  
  141  12:55  Barracks  
  141  12:56  Barracks, Liberator  
  141  12:58  Marine  
  136  12:59  Marauder  
  136  13:00  SCV  
  140  13:07  Marine  
  140  13:08  Marine, Marauder x2  
  140  13:11  Liberator  
  146  13:13  Medivac  
  146  13:14  Sensor Tower  
  146  13:18  SCV  
  152  13:23  Liberator  
  152  13:26  Liberator  
  150  13:31  SCV  
  146  13:35  SCV  
  146  13:41  Planetary Fortress  
  147  13:42  SCV  
  147  13:45  SCV  
  147  13:47  SCV  
  153  13:48  Marine x2  
  153  13:49  Marine  
  156  13:58  Liberator  
  156  13:59  SCV x2  
  158  14:03  SCV  
  158  14:08  Marine  
  158  14:09  Marauder  
  162  14:11  SCV  
  160  14:17  SCV  
  160  14:23  Viking x2  
  125  14:28  Marine x5  
  125  14:29  SCV  
  131  14:35  Marine  
  131  14:36  SCV  
  130  14:40  SCV  
  122  14:45  Marine  
  122  14:46  Marine x2  
  122  14:49  Medivac  
  122  14:50  Marine  
  122  14:52  Marine x2  
  127  14:54  SCV  
  124  15:03  Marine  
  124  15:04  Marine x2  
  124  15:05  Viking  
  125  15:08  Marine  
  125  15:10  Marine x2  
  92  15:21  Marine x3  
  92  15:26  Marine  
  92  15:27  Marine  
  85  15:29  Marauder  
  87  15:39  Marine x3  
  98  15:44  Marine  
  98  15:45  Marine  
  98  15:46  Marine x2  
  98  15:47  SCV x2  
  98  15:49  Marine  
Tags
 
Add a new tag
Caveats
  • Supply blocks, unpowered buildings, or Contaminate may cause inaccurate times.
  • Supply counts are checked every 10 seconds.